 Dungeon Crawl Stone Soup version 0.18.1-48-g4cf74bf (webtiles) character file.

5639 Justsplatmyhpup the Blocker (level 11, -4/75 HPs)
             Began as a Formicid Fighter on Aug 9, 2016.
             Was a Priest of Okawaru.
             Slain by a kobold
             ... wielding a +2 dagger of electrocution
              (17 damage)
             ... on level 9 of the Dungeon.
             The game lasted 00:15:17 (8611 turns).

Justsplatmyhpup the Blocker (Formicid Fighter)      Turns: 8611, Time: 00:15:17

Health: -4/75      AC: 31    Str: 22    XL:     11   Next: 3%
Magic:  12/14      EV: 11    Int:  9    God:    Okawaru [***...]
Gold:   784        SH: 15    Dex: 13    Spells: 0 memorised, 10 levels left

rFire  . . .     SeeInvis +     a - +1 long sword
rCold  + . .     Gourm    .     t - +2 chain mail {rC+}
rNeg   . . .     Faith    .     c - +0 shield
rPois  .         Spirit   .     (helmet unavailable)
rElec  .         Dismiss  .     q - +2 cloak
rCorr  +         Reflect  .     C - +1 pair of gloves
SustAt .         Harm     .     l - +2 pair of boots
MR     +....                    (no amulet)
Stlth  ..........               x - +4 ring of protection
                                b - ring of resist corrosion

@: heroism, somewhat resistant to hostile enchantments, extremely unstealthy
A: permanent stasis, dig shafts and tunnels, four strong arms, antennae 3, slimy
green scales 1, strong 1, subdued magic 1
a: Dig, Shaft Self, Heroism, Renounce Religion


You were on level 9 of the Dungeon.
You worshipped Okawaru.
Okawaru was most pleased with you.
You were not hungry.

You visited 1 branch of the dungeon, and saw 9 of its levels.
You also visited: Bailey.

You collected 784 gold pieces.

Inventory:

Hand Weapons
 a - a +1 long sword (weapon)
Armour
 c - a +0 shield (worn)
 l - a +2 pair of boots (worn)
 q - a +2 cloak (worn)
 t - a +2 chain mail of cold resistance (worn)
 v - a +0 fire dragon armour
 C - a +1 pair of gloves (worn)
Jewellery
 b - a ring of resist corrosion (left hand)
 x - a +4 ring of protection (right hand)
Wands
 o - a wand of acid (4/15)
 u - a wand of acid (8/15)
 y - a wand of heal wounds (4/9)
 z - a wand of slowing (23/48)
 E - a wand of slowing (37/48)
Scrolls
 d - 7 scrolls of remove curse
 w - 2 scrolls of enchant weapon
 D - 2 scrolls of fog
Potions
 e - 2 potions of flight
 g - 4 potions of curing
 h - a potion of cure mutation
 k - 2 potions of agility
 n - a potion of lignification {unknown}
 p - a potion of heal wounds {unknown}
 r - a potion of beneficial mutation {unknown}
 F - a potion of might
Comestibles
 f - 6 bread rations
 i - 3 meat rations
 j - 4 beef jerkies
 s - 6 chunks of flesh
 A - 2 slices of pizza


   Skills:
 - Level 3.2(8.2) Fighting
 + Level 7.1(12.1) Long Blades
 - Level 10.3(15.3) Armour
 - Level 12.2(17.2) Shields
 - Level 5.2 Invocations


You had 10 spell levels left.
You didn't know any spells.

Dungeon Overview and Level Annotations

Branches:
Dungeon (9/15)             Temple (0/1) D:7
   Lair: D:8-11         Orc: D:9-12

Altars:
Fedhas
Okawaru
Pakellas
Sif Muna
Xom


Innate Abilities, Weirdness & Mutations

You are under a permanent stasis effect.
You can dig through walls and to a lower floor.
Your four strong arms can wield two-handed weapons with a shield.
You have a pair of large antennae on your head (SInv).
You are partially covered in slimy green scales (AC +2).
Your muscles are strong. (Str +2)
Your spells are a little easier to cast, but a little less powerful.


Message History

* * * LOW HITPOINT WARNING * * *
You are electrocuted!
* * * LOW HITPOINT WARNING * * *
You slash the troll!
The troll is almost dead.
You block the troll's attack. x2; The troll closely misses you.
The kobold hits you but does no damage. The kobold closely misses you.
You hit the troll.
The troll is almost dead.
You block the troll's attack.
The troll claws you but does no damage. x2
You block the kobold's attack.
You completely miss the troll.
The troll is almost dead.
The kobold closely misses you. You block the troll's attack.
The troll claws you but does no damage. The troll closely misses you.
You block the kobold's attack.
You hit the troll but do no damage.
The troll is almost dead.
The kobold hits you but does no damage.
You are electrocuted!
You die...

#... #..P.P..
+...#####...P.†.
###...........††.P
..................
#########...........+...
........#...........#...
.......K#.##†####.†.####
.....KKK#.#.....#...†...
..##+######@#.#.>...#.......
...........T!.#.....#..#####
..............#.....#..#
..............#..(..#..#
..............##(####..#
...........(..((.(.....#
.......................#
....####+#..)?.........#
.... #.............#


You could see a troll and 4 kobolds.

Vanquished Creatures
  The ghost of badrng the Sneak, a novice HEAE of Okawaru (Bailey)
  Pikel (D:7)
  An orc knight (Bailey)
  The ghost of Justsplatmyhpup the Slasher, a novice FoFi (D:4)
  A yak (D:9)
  2 hungry ghosts
  A water moccasin (D:7)
  Duvessa (D:5)
  2 orc warriors (Bailey)
  A sky beast (D:4)
  An ice beast (D:8)
  An ogre (D:6)
  A phantom (D:4)
  3 centaurs
  3 crocodiles (D:9)
  A big kobold (D:9)
  Blork the orc (D:5)
  The ghost of turtle the Charlatan, an amateur SpAr of Cheibriados (D:3)
  4 giant frogs
  A gnoll sergeant (D:8)
  Dowan (D:5)
  3 scorpions
  9 killer bees (D:8)
  An electric eel (D:6)
  2 howler monkeys
  A giant frog zombie (D:8)
  2 crimson imps
  A hound (D:9)
  10 orc wizards
  4 orc priests
  2 jellies
  A giant frog skeleton (D:6)
  5 worker ants
  A hound zombie (D:5)
  A hound skeleton (D:5)
  A worker ant zombie (D:6)
  A howler monkey skeleton (D:5)
  3 river rats (D:9)
  8 adders
  7 gnolls
  3 oozes
  3 adder zombies
  An adder skeleton (D:8)
  2 worms
  A dart slug (D:1)
  2 giant geckos
  30 orcs
  13 bats
  7 giant cockroaches
  8 goblins
  10 hobgoblins
  9 jackals
  9 kobolds
  3 quokkas
  A ball python (D:1)
  A giant gecko skeleton (D:4)
  A giant gecko zombie (D:5)
  5 giant newts
  A jackal zombie (D:8)
  19 rats
  A bush (D:6)
223 creatures vanquished.

Vanquished Creatures (others)
  An adder (D:6)
  A gnoll (D:6)
  A giant cockroach (D:6)
  A quokka (D:7)
4 creatures vanquished.

Grand Total: 227 creatures vanquished

Notes
Turn   | Place    | Note
--------------------------------------------------------------
     0 | D:1      | Justsplatmyhpup the Formicid Fighter began the quest for the Orb.
     0 | D:1      | Reached XP level 1. HP: 18/18 MP: 1/1
   136 | D:1      | Reached XP level 2. HP: 15/24 MP: 2/2
   729 | D:1      | Reached XP level 3. HP: 29/29 MP: 3/3
  1024 | D:1      | Gained mutation: You are partially covered in slimy green scales (AC +2). [potion of mutation]
  1024 | D:1      | Gained mutation: Your spells are a little easier to cast, but a little less powerful. [potion of mutation]
  1024 | D:1      | Gained mutation: Your muscles are strong. (Str +2) [potion of mutation]
  1285 | D:2      | Reached XP level 4. HP: 35/35 MP: 4/4
  2160 | D:3      | Noticed turtle's ghost (amateur SpAr)
  2174 | D:3      | Killed turtle's ghost
  2174 | D:3      | Reached skill level 5 in Long Blades
  2174 | D:3      | Reached XP level 5. HP: 39/41 MP: 5/5
  2178 | D:3      | Reached XP level 6. HP: 34/47 MP: 6/6
  2395 | D:3      | Reached skill level 4 in Shields
  2838 | D:4      | Reached skill level 5 in Shields
  2913 | D:4      | Found an oddly glowing altar of Pakellas.
  3034 | D:4      | Noticed a phantom
  3051 | D:4      | Killed a phantom
  3051 | D:4      | Reached XP level 7. HP: 46/52 MP: 7/7
  3116 | D:4      | Reached skill level 6 in Shields
  3232 | D:4      | Noticed Justsplatmyhpup's ghost (novice FoFi)
  3263 | D:4      | Killed Justsplatmyhpup's ghost
  3263 | D:4      | Reached skill level 8 in Shields
  3263 | D:4      | Reached XP level 8. HP: 50/58 MP: 8/8
  4187 | D:5      | Entered Level 5 of the Dungeon
  4371 | D:5      | Reached skill level 5 in Armour
  4382 | D:5      | Noticed Dowan
  4383 | D:5      | Noticed Duvessa
  4412 | D:5      | Killed Duvessa
  4430 | D:5      | Killed Dowan
  4781 | D:5      | Noticed Blork the orc
  4795 | D:5      | Killed Blork the orc
  4891 | D:6      | Reached XP level 9. HP: 45/64 MP: 9/9
  5063 | D:6      | Reached skill level 9 in Shields
  5104 | D:6      | Found a blossoming altar of Fedhas.
  5105 | D:6      | Found a deep blue altar of Sif Muna.
  5105 | D:6      | Found an iron altar of Okawaru.
  5211 | D:6      | Became a worshipper of Warmaster Okawaru
  5308 | D:6      | Found a shimmering altar of Xom.
  5958 | D:6      | Found a blossoming altar of Fedhas.
  6064 | D:7      | Reached skill level 10 in Shields
  6086 | D:7      | Found a staircase to the Ecumenical Temple.
  6172 | D:7      | Noticed Pikel
  6196 | D:7      | Killed Pikel
  6196 | D:7      | Reached * piety under Okawaru
  6196 | D:7      | Reached skill level 11 in Shields
  6587 | D:7      | Reached XP level 10. HP: 68/70 MP: 10/10
  7013 | D:8      | Reached ** piety under Okawaru
  7083 | D:8      | Reached skill level 1 in Invocations
  7561 | D:8      | Reached skill level 5 in Invocations
  7929 | D:9      | Found a flagged portal.
  8021 | Bailey   | Entered a bailey
  8055 | Bailey   | Noticed badrng's ghost (novice HEAE)
  8097 | Bailey   | Killed badrng's ghost
  8097 | Bailey   | Reached skill level 10 in Armour
  8208 | Bailey   | Noticed an orc knight
  8225 | Bailey   | Killed an orc knight
  8225 | Bailey   | Reached skill level 12 in Shields
  8243 | Bailey   | Found an iron altar of Okawaru.
  8399 | D:9      | Reached *** piety under Okawaru
  8499 | D:9      | Reached XP level 11. HP: 61/75 MP: 14/14
  8611 | D:9      | Slain by a kobold

Skill      XL: |  1  2  3  4  5  6  7  8  9 10 11 |
---------------+----------------------------------+-----
Long Blades    | 3 5 6 7 |  7.1
Shields        | 5 8 11 12 | 12.2
Armour         | 7 8 10 | 10.3
Invocations    | 5 |  5.2
Fighting       | |  3.2

Action                   |  1- 3 |  4- 6 |  7- 9 | 10-12 || total
-------------------------+-------+-------+-------+-------++-------
Melee: Long sword        |   130 |   171 |   491 |   454 ||  1246
Invok: Heroism           |       |       |     1 |     6 ||     7
  Use: Scroll            |     6 |       |     7 |     6 ||    19
       Potion            |     1 |     1 |       |     1 ||     3
  Eat: Chunk             |     1 |     6 |    12 |     6 ||    25
       Meat ration       |       |       |     1 |       ||     1
       Bread ration      |       |       |     1 |       ||     1
Armor: Scale mail        |    77 |    78 |    31 |       ||   186
       Chain mail        |       |       |   184 |   302 ||   486
Dodge: Dodged            |    50 |    35 |   120 |   202 ||   407
Block: Shield            |   105 |    77 |   253 |   446 ||   881
